Map: Vallée des cactus EC

Players

LaVarBurton - Winner!

  • Race: Protoss Protoss
  • League: Grandmaster

AgCl

  • Race: Protoss Protoss
  • League: Grandmaster

VOD

Have the link to the VOD?

Description

Time

  • Played on: June 8, 2015, 6:02 p.m.
  • Length: 17:35
Show
View Real Time Build Order
Export as new Build Order

LaVarBurton Protoss - Winner!

Build Orders: Blink Stalkers 

Get SALT Encoding   

  12  0:01  Probe  
  14  0:17  Probe, Pylon  
  14  0:35  Probe (Chrono Boost)  
  15  0:36  Gateway  
  15  0:45  Assimilator  
  15  0:47  Probe (Chrono Boost)  
  16  0:53  Probe (Chrono Boost)  
  17  1:04  Probe  
  17  1:06  Assimilator  
  18  1:16  Probe  
  19  1:19  Pylon  
  19  1:26  Cybernetics Core  
  19  1:32  Probe (Chrono Boost)  
  20  1:42  Probe (Chrono Boost)  
  21  1:48  Gateway  
  21  1:49  Gateway  
  21  1:59  Pylon  
  21  2:00  Probe (Chrono Boost)  
  22  2:02  Warp Gate (Chrono Boost)  
  24  2:10  Mothership Core (Chrono Boost)  
  24  2:15  Stalker (Chrono Boost)  
  26  2:28  Probe  
  27  2:38  Stalker  
  29  2:53  Nexus  
  29  3:07  Twilight Council  
  31  3:14  Stalker  
  33  3:21  Stalker (Chrono Boost)  
  33  3:28  Stalker (Chrono Boost)  
  35  3:38  Pylon  
  35  3:47  Blink  
  35  4:05  Stalker  
  35  4:07  Stalker  
  35  4:09  Stalker  
  41  4:12  Probe  
  41  4:16  Probe  
  43  4:45  Stalker  
  43  4:46  Stalker x2  
  49  5:00  Pylon  
  49  5:01  Dark Shrine  
  49  5:04  Probe (Chrono Boost)  
  51  5:12  Probe (Chrono Boost)  
  52  5:15  Probe (Chrono Boost)  
  52  5:18  Robotics Facility  
  52  5:33  Probe x2 (Chrono Boost)  
  56  5:43  Probe x2 (Chrono Boost), Forge  
  56  5:51  Assimilator  
  56  5:55  Assimilator  
  56  5:58  Probe (Chrono Boost)  
  56  5:59  Probe (Chrono Boost)  
  58  6:08  Probe x2 (Chrono Boost)  
  62  6:17  Observer (Chrono Boost)  
  61  6:26  Probe (Chrono Boost)  
  63  6:33  Probe (Chrono Boost)  
  63  6:36  Probe (Chrono Boost)  
  65  6:40  Stalker, Probe (Chrono Boost)  
  65  6:44  Pylon  
  67  6:49  Gateway  
  67  6:53  Gateway x2  
  67  6:54  Pylon  
  51  7:21  Pylon  
  51  7:23  Stalker x3  
  51  7:25  Protoss Ground Weapons Level 1 (Chrono Boost)  
  55  7:52  Forge  
  55  7:59  Stalker x5  
  55  8:00  Stalker  
  67  8:08  Nexus  
  67  8:25  Nexus  
  67  8:27  Templar Archives  
  67  8:28  Probe (Chrono Boost)  
  69  8:36  Protoss Ground Armor Level 1 (Chrono Boost)  
  69  8:37  Probe (Chrono Boost)  
  69  8:39  Probe (Chrono Boost)  
  70  8:45  Probe x2 (Chrono Boost)  
  72  8:55  Probe  
  72  8:57  Probe, Pylon  
  74  9:11  Assimilator  
  74  9:15  Assimilator x2  
  74  9:19  Assimilator  
  74  9:24  Probe (Chrono Boost)  
  75  9:29  Stalker  
  75  9:30  Stalker x4  
  85  9:35  Probe (Chrono Boost)  
  85  9:36  Stalker  
  88  9:38  Pylon  
  88  9:41  Probe (Chrono Boost)  
  89  9:53  Probe  
  89  9:55  High Templar x6  
  89  9:56  Protoss Ground Weapons Level 2 (Chrono Boost)  
  89  9:58  Archon  
  89  9:59  Archon x2  
  102  10:05  Probe (Chrono Boost)  
  102  10:06  Probe (Chrono Boost)  
  102  10:07  Probe x2 (Chrono Boost)  
  108  10:15  Probe (Chrono Boost)  
  108  10:16  Probe (Chrono Boost)  
  108  10:17  Probe (Chrono Boost)  
  108  10:20  Probe (Chrono Boost)  
  110  10:22  Probe (Chrono Boost)  
  110  10:23  Probe (Chrono Boost)  
  110  10:27  Probe  
  113  10:35  Gateway  
  113  10:38  Gateway  
  113  10:39  Gateway  
  113  10:40  Gateway  
  113  10:41  Stalker  
  113  10:42  Stalker x2  
  119  10:46  Protoss Ground Armor Level 2 (Chrono Boost)  
  119  10:53  Probe  
  120  10:59  Pylon  
  120  11:04  Pylon  
  120  11:05  Probe  
  120  11:09  Stalker  
  123  11:18  Probe  
  124  11:21  Gateway  
  124  11:23  Stalker x2  
  124  11:24  Stalker  
  130  11:30  Probe  
  131  11:35  Stalker x2  
  131  11:36  Stalker x2  
  139  11:40  Pylon  
  139  11:42  Probe (Chrono Boost)  
  140  11:51  Pylon  
  140  11:52  Probe (Chrono Boost)  
  141  11:58  Stalker x2  
  141  11:59  Stalker x3, Probe  
  152  12:03  Pylon  
  152  12:07  Pylon  
  152  12:11  Probe  
  153  12:16  Photon Cannon  
  153  12:17  Pylon  
  153  12:18  Pylon  
  153  12:20  Pylon  
  153  12:21  Pylon  
  153  12:29  Photon Cannon  
  153  12:30  Pylon  
  153  12:45  Observer (Chrono Boost)  
  154  12:52  Stalker x4  
  154  12:53  Stalker x6  
  175  12:58  Probe (Chrono Boost)  
  175  13:08  Probe (Chrono Boost)  
  176  13:30  Photon Cannon  
  176  13:32  Pylon  
  176  13:33  Pylon  
  176  13:36  Pylon  
  176  13:40  High Templar  
  176  13:41  High Templar x8  
  186  13:42  High Templar  
  186  13:44  Archon x2  
  186  13:45  Archon x3  
  195  14:15  Nexus, Pylon  
  195  14:21  Protoss Ground Armor Level 3 (Chrono Boost)  
  195  14:23  Gateway, Nexus  
  195  14:25  Gateway  
  195  14:26  Protoss Ground Weapons Level 3 (Chrono Boost)  
  195  14:28  Gateway  
  195  14:35  Gateway  
  195  14:38  Gateway  
  95  15:36  Stalker x5  
  95  15:37  Stalker x6  
  93  15:53  Pylon  
  93  15:55  Probe  
  94  15:59  Assimilator  
  94  16:03  Assimilator  
  94  16:05  Gateway x2  
  94  16:07  Gateway, Probe  
  94  16:09  Gateway  
  89  16:15  Pylon  
  83  16:19  Probe  
  81  16:33  Observer (Chrono Boost)  
  81  16:38  Stalker x5  
  81  16:39  Stalker x4  
  99  16:40  Stalker x7  
  99  16:41  Photon Cannon  
  113  16:47  Probe  
  113  16:49  Photon Cannon  
  113  16:52  Photon Cannon  
  113  16:54  Gateway, Pylon  
  114  17:00  Probe  
  114  17:01  Photon Cannon x2  
  115  17:02  Gateway  
  115  17:03  Gateway  
  115  17:05  Gateway  
  115  17:11  Photon Cannon  
  115  17:16  Stalker  
  115  17:17  Stalker x7  
  115  17:18  Stalker x3  
Show
View Real Time Build Order
Export as new Build Order

AgCl Protoss 

Build Orders: Oracle Opening, Oracle Opening 

Get SALT Encoding   

  12  0:03  Probe  
  13  0:23  Probe  
  13  0:24  Pylon  
  14  0:44  Probe  
  14  0:48  Assimilator  
  15  0:56  Probe  
  16  1:02  Gateway  
  16  1:08  Probe (Chrono Boost)  
  17  1:20  Probe (Chrono Boost)  
  18  1:29  Probe (Chrono Boost)  
  19  1:37  Probe  
  20  1:45  Nexus  
  20  1:49  Probe  
  21  1:57  Cybernetics Core  
  21  2:01  Probe  
  21  2:05  Assimilator  
  22  2:21  Pylon  
  22  2:38  Probe  
  22  2:41  Stargate  
  22  2:42  Robotics Facility  
  22  2:44  Pylon  
  22  2:48  Warp Gate (Chrono Boost)  
  22  2:50  Probe  
  24  3:08  Mothership Core (Chrono Boost)  
  25  3:17  Zealot  
  25  3:18  Probe (Chrono Boost)  
  28  3:22  Probe (Chrono Boost)  
  28  3:26  Probe  
  30  3:34  Oracle (Chrono Boost)  
  30  3:36  Probe  
  30  3:38  Probe  
  35  3:48  Gateway  
  35  3:50  Probe (Chrono Boost)  
  35  3:52  Probe (Chrono Boost)  
  37  4:01  Probe (Chrono Boost)  
  39  4:04  Probe (Chrono Boost)  
  39  4:07  Probe (Chrono Boost)  
  40  4:13  Probe (Chrono Boost)  
  41  4:19  Probe (Chrono Boost), Pylon  
  41  4:21  Pylon  
  42  4:26  Immortal (Chrono Boost)  
  42  4:30  Probe x2 (Chrono Boost)  
  48  4:37  Probe x2 (Chrono Boost)  
  50  4:43  Assimilator  
  47  4:48  Probe  
  47  4:51  Void Ray (Chrono Boost)  
  52  4:56  Observer (Chrono Boost)  
  52  4:57  Forge  
  52  4:59  Twilight Council, Probe  
  54  5:09  Probe, Assimilator  
  54  5:11  Probe  
  56  5:21  Probe  
  57  5:23  Probe  
  57  5:24  Pylon  
  57  5:26  Phoenix (Chrono Boost)  
  60  5:33  Probe  
  61  5:36  Dark Shrine  
  61  5:41  Probe, Pylon  
  62  5:46  Probe  
  63  5:53  Probe  
  64  5:58  Probe  
  65  6:05  Probe  
  65  6:10  Probe  
  67  6:11  Immortal (Chrono Boost)  
  67  6:15  Photon Cannon  
  67  6:17  Probe  
  72  6:20  Protoss Ground Weapons Level 1 (Chrono Boost)  
  70  6:28  Charge (Chrono Boost)  
  70  6:34  Pylon x2  
  70  6:37  Gateway  
  70  6:44  Observer  
  71  6:49  Void Ray  
  71  6:51  Dark Templar x2  
  71  6:53  Nexus  
  79  6:56  Pylon  
  73  7:21  Probe  
  74  7:28  Gateway x2  
  74  7:30  Pylon  
  74  7:32  Gateway  
  74  7:38  Pylon  
  74  7:39  Phoenix (Chrono Boost)  
  76  7:46  Assimilator  
  76  7:48  Gateway  
  76  7:49  Photon Cannon  
  76  7:51  Assimilator  
  76  7:53  Zealot  
  76  7:54  Zealot x2  
  82  8:13  Probe  
  82  8:17  Protoss Ground Weapons Level 2 (Chrono Boost)  
  83  8:23  Dark Templar  
  85  8:31  Probe  
  86  8:34  Pylon  
  86  8:37  Gateway  
  86  8:38  Photon Cannon  
  86  8:42  Gateway  
  86  8:43  Pylon  
  86  8:50  Archon  
  86  9:06  Stargate  
  86  9:08  Stargate  
  86  9:09  Pylon  
  85  9:10  Fleet Beacon  
  85  9:11  Pylon  
  85  9:29  Void Ray (Chrono Boost)  
  89  9:32  Protoss Air Weapons Level 1 (Chrono Boost)  
  89  9:39  Carrier x2 (Chrono Boost)  
  89  9:43  Carrier (Chrono Boost)  
  89  9:48  Cybernetics Core  
  89  9:51  Pylon  
  89  9:55  Graviton Catapult  
  107  10:20  Protoss Ground Weapons Level 3 (Chrono Boost)  
  107  10:21  Nexus  
  107  10:24  Pylon  
  107  10:25  Forge  
  107  10:26  Carrier (Chrono Boost)  
  107  10:40  Carrier (Chrono Boost)  
  119  10:57  Carrier (Chrono Boost)  
  119  10:59  Pylon  
  119  11:05  Templar Archives  
  119  11:21  Pylon  
  119  11:24  Protoss Air Weapons Level 2 (Chrono Boost)  
  125  11:30  Assimilator  
  125  11:55  Carrier (Chrono Boost)  
  125  12:05  Photon Cannon  
  125  12:07  Assimilator  
  125  12:08  Nexus  
  125  12:12  Pylon  
  131  12:29  Dark Templar  
  133  12:38  Carrier (Chrono Boost)  
  133  12:50  Gateway  
  131  12:52  Gateway, Carrier (Chrono Boost)  
  131  12:57  Gateway  
  147  13:12  Tempest (Chrono Boost)  
  145  13:34  Carrier (Chrono Boost)  
  145  13:41  Carrier (Chrono Boost)  
  145  13:42  Assimilator  
  145  13:44  Photon Cannon  
  145  13:48  Carrier (Chrono Boost)  
  157  14:17  Protoss Air Weapons Level 3 (Chrono Boost)  
  157  14:19  Protoss Air Armor Level 1 (Chrono Boost)  
  157  14:21  Protoss Shields Level 1 (Chrono Boost)  
  137  14:53  Dark Templar x2  
  137  14:54  Dark Templar x3  
  106  15:07  Tempest  
  106  15:08  Dark Templar  
  106  15:14  Zealot x2  
  58  15:35  Dark Templar  
  58  15:40  Dark Templar  
  56  15:54  Observer  
  57  15:57  Zealot  
  63  16:04  Assimilator  
  63  16:05  Probe (Chrono Boost)  
  63  16:07  Probe x3 (Chrono Boost)  
  63  16:10  Dark Templar  
  65  16:14  Probe (Chrono Boost)  
  65  16:15  Observer  
  52  16:26  Dark Templar  
  53  16:43  Immortal (Chrono Boost)  
  55  17:03  Archon x2, Robotics Facility  
  55  17:04  Archon  
Tags
 
Add a new tag
Caveats
  • Supply blocks, unpowered buildings, or Contaminate may cause inaccurate times.
  • Supply counts are checked every 10 seconds.